 Dungeon Crawl Stone Soup version 0.19.5 (webtiles) character file.

460 equalderp2856 the Shield-Bearer (level 6, -7/48 HPs)
             Began as a Mummy Fighter on Mar 31, 2017.
             Mangled by an ogre
             ... wielding a +0 giant club
              (11 damage)
             ... on level 5 of the Dungeon.
             The game lasted 00:07:33 (4337 turns).

equalderp2856 the Shield-Bearer (Mummy Fighter)     Turns: 4337, Time: 00:07:34

Health: -7/48      AC:  0    Str: 20    XL:     6   Next: 78%
Magic:  6/6        EV: 12    Int:  8    God:
Gold:   153        SH:  5    Dex: 12    Spells: 0 memorised, 5 levels left

rFire  x . .     SeeInvis .     a - +0 long sword
rCold  + . .     Gourm    .     (no armour)
rNeg   + + +     Faith    .     p - +0 buckler
rPois  ∞         Spirit   .     (no helmet)
rElec  .         Reflect  .     (no cloak)
rCorr  .         Harm     .     (no gloves)
MR     .....                    (no boots)
Stlth  +.........               (no amulet)
                                (no ring)
                                (no ring)

@: no status effects
A: no food or potions, fire vulnerability, cold resistance 1, negative energy
resistance 3, torment resistance, unbreathing
a: no special abilities


You were on level 5 of the Dungeon.
You were not hungry.

You visited 1 branch of the dungeon, and saw 5 of its levels.

You collected 153 gold pieces.

Inventory:

Hand Weapons
 a - a +0 long sword (weapon)
 l - a +0 hunting sling
 q - a +0 falchion
Armour
 b - a +0 scale mail
 c - a +0 shield
 p - a +0 buckler (worn)
Jewellery
 n - an uncursed ring of resist corrosion {unknown}
 r - an uncursed ring of protection from cold {unknown}
Scrolls
 d - a scroll of random uselessness {unknown}
 e - 2 scrolls of teleportation {unknown}
 f - a scroll of enchant weapon {unknown}
 g - 5 scrolls of recharging {unknown}
 h - 6 scrolls of identify {unknown}
 i - a scroll of enchant armour {unknown}
 j - 2 scrolls of remove curse {unknown}
 k - a scroll of fog {unknown}
 m - a scroll of magic mapping {unknown}
 o - 2 scrolls of immolation {unknown}


   Skills:
 + Level 3.7 Fighting
 + Level 3.4 Long Blades
 + Level 3.6 Armour
 + Level 1.4 Dodging
 + Level 0.1 Stealth
 + Level 4.0 Shields


You had 5 spell levels left.
You didn't know any spells.

Dungeon Overview and Level Annotations

Branches:
Dungeon (5/15)
 Temple: D:4-7

Altars:


Innate Abilities, Weirdness & Mutations

You do not eat or drink.
Your flesh is vulnerable to fire.
You are immune to poison.
Your flesh is cold resistant. (rC+)
You are immune to negative energy. (rN+++)
You are immune to unholy pain and torment.
You can survive without breathing.


Message History

You hit the quokka.
You kill the quokka!
You see here a quokka corpse.
You see here a golden potion.
You open the door.
There is an open door here.
A worker ant comes into view.
Found 12 gold pieces.
An ogre comes into view. It is wielding a giant club.
The worker ant bites you!
You closely miss the worker ant. The worker ant bites you!
You barely miss the worker ant. The ogre hits you with a giant club!!
Ouch! That really hurt!
* * * LOW HITPOINT WARNING * * *
The worker ant bites you.
* * * LOW HITPOINT WARNING * * *
You slash the worker ant!
The worker ant is severely wounded.
You block the worker ant's attack. The ogre hits you with a giant club!
You die...

#......#
+..$...#
#......#
#......#
#......#
##......#
......Oa# #@#
############.#
#..........#.#
#..........'.#
#..!.......###
#..........+
###..........#
#.......##+###
#..........#


You could see an ogre and a worker ant.

Vanquished Creatures
  A phantom (D:4)
  An orc priest (D:2)
  A hound (D:4)
  An orc wizard (D:2)
  Ijyb (D:2)
  3 worker ants (D:4)
  10 adders
  An ooze (D:3)
  3 dart slugs
  A leopard gecko (D:1)
  10 orcs
  11 bats
  6 giant cockroaches
  7 goblins
  7 hobgoblins
  5 jackals
  2 quokkas
  A ball python (D:4)
  6 frilled lizards
  4 kobolds
  6 rats
88 creatures vanquished.

Notes
Turn   | Place    | Note
-------+----------+-------------------------------------------
     0 | D:1      | equalderp2856 the Mummy Fighter began the quest for the Orb.
     0 | D:1      | Reached XP level 1. HP: 18/18 MP: 1/1
   160 | D:1      | Reached XP level 2. HP: 24/24 MP: 2/2
   570 | D:2      | Reached XP level 3. HP: 29/29 MP: 3/3
   999 | D:2      | Reached XP level 4. HP: 28/35 MP: 4/4
  1219 | D:2      | Noticed Ijyb
  1254 | D:2      | Killed Ijyb
  1254 | D:2      | Reached skill level 1 in Dodging
  1761 | D:2      | Reached skill level 3 in Shields
  1785 | D:2      | Reached XP level 5. HP: 3/41 MP: 5/5
  2781 | D:4      | HP: 1/41 [worker ant (4)]
  3132 | D:4      | Reached XP level 6. HP: 27/48 MP: 6/6
  4040 | D:4      | Reached skill level 4 in Shields
  4282 | D:5      | Entered Level 5 of the Dungeon
  4337 | D:5      | Mangled by an ogre

Skill      XL: |  1  2  3  4  5  6 |
---------------+-------------------+-----
Long Blades    | 2 3 |  3.4
Dodging        | 1 |  1.4
Armour         | 3 |  3.6
Shields        | 3 4 |  4.0
Fighting       | |  3.7
Stealth        | |  0.1

Action                   |  1- 3 |  4- 6 || total
-------------------------+-------+-------++-------
Melee: Long sword        |   131 |   319 ||   450
Armor: Scale mail        |    80 |   146 ||   226
Dodge: Dodged            |    58 |   110 ||   168
Block: Shield            |    77 |   177 ||   254
       Buckler           |       |     3 ||     3
       Rpst.: Long sword |    23 |    36 ||    59
